 Dungeon Crawl Stone Soup version 0.24-a0-584-g9d6b971ae4 (webtiles) character file.

Game seed: 13150827870717533677, levelgen mode: deterministic

138 Leibowitz the Stinger (level 4, 0/33 HPs)
             Began as a Demigod Venom Mage on Sept 6, 2019.
             Slain by a bullfrog skeleton (4 damage)
             ... on level 5 of the Dungeon.
             The game lasted 00:08:42 (1906 turns).

Leibowitz the Stinger (Demigod Venom Mage)          Turns: 1906, Time: 00:08:43

Health: 0/33       AC:  2    Str: 11    XL:     4   Next: 70%
Magic:  4/11       EV: 12    Int: 21    God:
Gold:   105        SH:  0    Dex: 16    Spells: 4/8 levels left

rFire    . . .     SeeInvis .   j - +0 short sword
rCold    . . .     Gourm    .   (no shield)
rNeg     . . .     Faith    .   a - +0 robe
rPois    .         Spirit   .   (no helmet)
rElec    .         Reflect  .   (no cloak)
rCorr    .         Harm     .   (no gloves)
MR       .....                  (no boots)
Stlth    ++........             (no amulet)
HPRegen  0.11/turn              (no ring)
MPRegen  0.12/turn              (no ring)

@: very slightly contaminated
A: high mp 1
a: no special abilities


You were on level 5 of the Dungeon.
You were not hungry.

You visited 1 branch of the dungeon, and saw 4 of its levels.

You collected 105 gold pieces.

Inventory:

Hand Weapons
 j - a +0 short sword (weapon)
Armour
 a - a +0 robe (worn)
Scrolls
 d - a scroll of remove curse
 e - a scroll of noise {unknown}
 f - a scroll of enchant weapon {unknown}
 g - 3 scrolls of identify {unknown}
 l - a scroll of immolation {unknown}
Potions
 h - a potion of ambrosia {unknown}
 i - a potion of invisibility {unknown}
 k - 2 potions of magic {unknown}
 n - 2 potions of haste {unknown}
Comestibles
 c - 5 rations


   Skills:
 + Level 1.8 Dodging
 * Level 2.0 Stealth
 * Level 2.8 Spellcasting
 + Level 1.9 Conjurations
 + Level 0.1 Air Magic
 * Level 4.0 Poison Magic


You had 4 spell levels left.
You knew the following spells:

 Your Spells              Type           Power        Failure   Level  Hunger
a - Sting                 Conj/Pois      ###.         4%          1    None
b - Mephitic Cloud        Conj/Pois/Air  ##......     17%         3    ###....

Your spell library contained the following spells:

 Spells                   Type           Power        Failure   Level  Hunger
 Poisonous Vapours        Pois/Air       ##....       9%          2    ##.....
 Confusing Touch          Hex            #.....       14%         1    None
 Olgreb's Toxic Radiance  Pois           ###.....     26%         4    ####...
 Confuse                  Hex            #.......     38%         3    ###....
 Gell's Gravitas          Tloc           #.........   38%         3    ###....
 Petrify                  Tmut/Erth      #.......     80%         4    ####...
 Venom Bolt               Conj/Pois      ###.......   73%         5    ######.
 Metabolic Englaciation   Hex/Ice        #.........   98%         5    ######.
 Yara's Violent Unravell  Hex/Tmut       #.........   98%         5    ######.


Dungeon Overview and Level Annotations

Branches:
Dungeon (3/15)


Innate Abilities, Weirdness & Mutations

You have an increased reservoir of magic. (+10% MP)


Message History

The bullfrog skeleton hits you.
You completely miss the bullfrog skeleton.
The bullfrog skeleton is moderately damaged.
The bullfrog skeleton hits you. x2
You completely miss the bullfrog skeleton.
The bullfrog skeleton is moderately damaged.
The bullfrog skeleton closely misses you.
The bullfrog skeleton closely misses you.
The bullfrog skeleton hits you. The bullfrog skeleton hits you.
* * * LOW HITPOINT WARNING * * *
The bullfrog skeleton closely misses you.
The bullfrog skeleton closely misses you.
Found a stone staircase leading up.
The bullfrog skeleton closely misses you.
The bullfrog skeleton hits you!
* * * LOW HITPOINT WARNING * * *
There is a stone staircase leading up here.
The bullfrog skeleton hits you.
You die...

#.### #.#.# .# #.
#.#.###.#
#.##.#...#.#
#.#........#
#.#..#.#...#
#.#..#.#...#####
##.###.#..#.Z........
#......#..#.#@.#####
#....#...##
#.#....#.#
#.######.##
#..###.####.....
#.............#
##.####.......# #.#
#.......# #.#
#.......#


You could see a bullfrog skeleton.

Vanquished Creatures
  An orc wizard (D:5)
  An iguana (D:2)
  A worker ant (D:2)
  An adder (D:2)
  2 dart slugs (D:1)
  3 leopard geckos (D:2)
  An orc (D:5)
  A ball python (D:2)
  2 giant cockroaches (D:1)
  7 goblins
  7 hobgoblins
  4 jackals (D:2)
  9 bats
  4 frilled lizards
  A kobold (D:2)
  2 rats (D:1)
47 creatures vanquished.

Notes
Turn   | Place    | Note
-------+----------+-------------------------------------------
     0 | D:1      | Leibowitz the Demigod Venom Mage began the quest for the
                  | Orb.
     0 | D:1      | Reached XP level 1. HP: 14/14 MP: 5/5
   159 | D:1      | Reached skill level 3 in Poison Magic
   251 | D:1      | Reached XP level 2. HP: 20/20 MP: 0/7
   624 | D:1      | Reached skill level 1 in Conjurations
  1009 | D:2      | Reached XP level 3. HP: 24/26 MP: 4/9
  1018 | D:2      | Learned a level 3 spell: Mephitic Cloud
  1043 | D:2      | Found a blossoming altar of Fedhas.
  1472 | D:2      | Reached XP level 4. HP: 33/33 MP: 4/11
  1859 | D:3      | You fall into a shaft and drop 2 floors!
  1859 | D:5      | Entered Level 5 of the Dungeon
  1869 | D:5      | Reached skill level 4 in Poison Magic
  1906 | D:5      | Slain by a bullfrog skeleton

Levels and vault maps discovered:
D:1:      minmay_arrival_nine_rooms, layout_loops_ring, minmay_splitting_lines,
          grunt_decor_mini_mirrors, minmay_tree_intersection,
          minmay_tetromino_l4
D:2:      layout_loops_cross, fedhas_ov_isle_minmay
D:3:      layout_rooms, grunt_temple_overflow_open, serial_corexii_hall,
          corexii_hall_statues_u, corexii_hall_statues_l,
          corexii_hall_statues_deadend, chequers_hall_statues_y,
          minmay_mini_jars
D:5:      kennysheep_big_flooded_room, layout_basic,
          lemuel_coloured_pillars_altar, first_ration, st_stairs_13

Skill      XL: |  1  2  3  4 |
---------------+-------------+-----
Poison Magic   | 3 4 |  4.0
Spellcasting   | 2 |  2.8
Conjurations   | 1 |  1.9
Stealth        | 2 |  2.0
Dodging        | |  1.8
Air Magic      | |  0.1

Action                   |  1- 3 |  4- 6 || total
-------------------------+-------+-------++-------
Melee: Short sword       |    15 |    30 ||    45
       Unarmed           |     4 |       ||     4
       Hand axe          |     1 |       ||     1
 Cast: Sting             |    60 |    10 ||    70
       Mephitic Cloud    |     5 |     2 ||     7
  Use: Scroll            |     2 |     2 ||     4
 Stab: Confused          |     1 |       ||     1
       Sleeping          |       |     2 ||     2
  Eat: Chunk             |     2 |     2 ||     4
Armor: Robe              |     3 |     1 ||     4
Dodge: Dodged            |    15 |    27 ||    42

Table legend:
 A = Non-vault XP
 B = Vault XP
 C = Vault XP percentage of total XP
 D = Non-vault monster count
 E = Vault monster count
 F = Vault count percentage of total count
                 A         B        C        D         E       F
            +---------+---------+-------+---------+---------+-------
      Total |     194 |       4 |   2.0 |      45 |       2 |   4.3
            +---------+---------+-------+---------+---------+-------
        D:1 |      34 |       4 |  10.5 |      19 |       2 |   9.5
        D:2 |     120 |       0 |   0.0 |      24 |       0 |   0.0
        D:5 |      40 |       0 |   0.0 |       2 |       0 |   0.0
            +---------+---------+-------+---------+---------+-------
